 Dungeon Crawl Stone Soup version 0.30-a0-989-g0d87f670db (webtiles) character file.

Game seed: 12778331370296348346

576494 Armakuni the Impregnable (level 27, -1/224 HPs)
             Began as a Human Monk on Apr 2, 2023.
             Was a Priest of the Shining One.
             Killed from afar by an ancient lich (20 damage)
             ... with a bolt of acid
             ... on level 15 of a ziggurat on Apr 3, 2023.
             The game lasted 03:44:49 (59433 turns).

Armakuni the Impregnable (Human Monk)              Turns: 59433, Time: 03:44:49

Health: -1/224     AC: 49    Str: 27    XL:     27
Magic:  21/37      EV: 24    Int: 12    God:    the Shining One [***...]
Gold:   4431       SH: 19    Dex: 18    Spells: 13/26 levels left

rFire   + . .      SeeInvis .    a - +4 great mace (heavy)
rCold   + + +      Faith    .    (shield currently unavailable)
rNeg    + + .      Spirit   .    y - +11 gold dragon scales
rPois   +          Reflect  +    C - +1 helmet of Insurance {Will+ Regen+ rCorr}
rElec   +          Rampage  +    w - +1 cloak {rC+}
rCorr   +                        F - +2 pair of gloves {Str+3}
Will    ++++.                    Q - +1 pair of boots {Fly} Stlth
                                 H - amulet of Teconitu {Reflect Rampage SH+5}
HPRegen 1.37/turn                E - ring "Archagramus" {Drain rElec rC+ rN+ Will+}
MPRegen 0.25/turn                V - ring of the Hare {EV+10}

@: divinely shielded, flying, glowing, studying 2 skills
A: iridescent scales 1, thin skeletal structure 1, cold resistance 1
}: 4/15 runes: decaying, serpentine, slimy, silver
a: Renounce Religion, Divine Shield, Cleansing Flame


You were on level 15 of a ziggurat.
You worshipped the Shining One.
The Shining One was most pleased with you.
You visited 11 branches of the dungeon, and saw 51 of its levels.
You visited the Abyss 1 time.
You visited 2 bazaars.
You visited 1 ziggurat, and saw 15 of its levels.
You also visited: Gauntlet, Ice Cave and Volcano.

You collected 8451 gold pieces.
You spent 4020 gold pieces at shops.

Inventory:

Hand Weapons
 a - a +4 heavy great mace (weapon)
 b - a +9 great mace of holy wrath
 n - the +7 lajatang of Order {silver, rMut}
   (You found it on level 14 of a ziggurat)

   rMut:      It protects you from mutation.
Missiles
 c - 12 boomerangs
 s - 22 javelins (quivered)
 D - 15 silver boomerangs
 L - 18 silver javelins
 R - 20 boomerangs of dispersal
 S - 11 curare-tipped darts
 X - a throwing net
Armour
 w - a +1 cloak of cold resistance (worn)
 y - +11 gold dragon scales (worn)
 C - the +1 helmet of Insurance (worn) {Will+ Regen+ rCorr}
   (You found it on level 1 of the Swamp)

   Regen:     It increases your rate of health regeneration.
   rCorr:     It protects you from acid and corrosion.
   Will:      It increases your willpower.
 F - a +2 pair of gloves of strength (worn)
 Q - a +1 pair of boots of flying (worn)
Jewellery
 E - the ring "Archagramus" (left hand) {Drain rElec rC+ rN+ Will+}
   (You found it on level 3 of the Crypt)

   [ring of positive energy]

   rC:        It protects you from cold.
   rElec:     It insulates you from electricity.
   rN:        It protects you from negative energy.
   Drain:     It drains your maximum health when unequipped.
   Will:      It increases your willpower.
 H - the amulet of Teconitu (around neck) {Reflect Rampage SH+5}
   (You found it on level 1 of the Swamp)

   [amulet of reflection]

   It reflects blocked missile attacks.
   SH:        It affects your SH (+5).
   Rampage:   It bestows one free step when moving towards enemies.
 V - the ring of the Hare (right hand) {EV+10}
   (You found it on level 11 of a ziggurat)

   [ring of evasion]

   EV:        It affects your evasion (+10).
Wands
 e - a wand of iceblast (24)
 k - a wand of digging (10)
 o - a wand of mindburst (27)
 K - a wand of paralysis (31)
 M - a wand of quicksilver (24)
Scrolls
 f - 11 scrolls of amnesia
 g - 6 scrolls of magic mapping
 i - 5 scrolls of silence
 j - 19 scrolls of fog
 r - 10 scrolls of vulnerability
 u - 10 scrolls of immolation
 G - 2 scrolls of butterflies
 O - 4 scrolls of poison
 P - 5 scrolls of blinking
 T - 27 scrolls of teleportation
 U - 8 scrolls of noise
 Z - 2 scrolls of fear
Potions
 d - 8 potions of haste
 h - 2 potions of ambrosia
 m - 10 potions of magic
 z - 6 potions of resistance
 A - 8 potions of heal wounds
 B - 18 potions of curing
 I - 20 potions of mutation
 J - 4 potions of cancellation
 N - 10 potions of lignification
 W - a potion of might
 Y - 11 potions of flight
Miscellaneous
 l - a lightning rod (4/4)
 p - a box of beasts (inert)
 t - a tin of tremorstones (2/2)
 v - a condenser vane
 x - a phantom mirror


   Skills:
 - Level 20.0 Fighting
 - Level 20.0 Maces & Flails
 - Level 20.0 Throwing
 + Level 21.1 Armour
 - Level 15.6 Dodging
 - Level 2.0 Stealth
 - Level 4.0 Shields
 - Level 20.0 Invocations
 - Level 12.6 Evocations


You had 13 spell levels left.
You knew the following spells:

 Your Spells              Type           Power      Damage    Failure   Level
l - Lesser Beckoning      Tloc           0%         N/A       99%         2
p - Portal Projectile     Hex/Tloc       0%         N/A       100%        3
t - Passwall              Tmut/Erth      0%         N/A       99%         2
v - Vhi's Electric Charg  Tloc/Air       0%         N/A       100%        3
w - Wereblood             Tmut           0%         N/A       99%         2
z - Apportation           Tloc           0%         N/A       98%         1

Your spell library contained the following spells:

 Spells                   Type           Power      Damage    Failure   Level
 Beastly Appendage        Tmut           0%         N/A       98%         1
 Freeze                   Ice            0%         1d3       98%         1
 Magic Dart               Conj           0%         1d3       98%         1
 Necrotise                Necr           0%         1d4       98%         1
 Shock                    Conj/Air       0%         1d3       98%         1
 Summon Small Mammal      Summ           0%         N/A       98%         1
 Call Imp                 Summ           0%         N/A       99%         2
 Ensorcelled Hibernation  Hex/Ice        0%         N/A       99%         2
 Scorch                   Fire           0%         2d5       99%         2
 Searing Ray              Conj           0%         2d4       99%         2
 Static Discharge         Conj/Air       0%         2-2/arc   99%         2
 Sublimation of Blood     Necr           0%         N/A       99%         2
 Call Canine Familiar     Summ           0%         N/A       100%        3
 Confusing Touch          Hex            0%         N/A       100%        3
 Dazzling Flash           Conj/Hex       0%         N/A       100%        3
 Gell's Gravitas          Tloc           0%         N/A       100%        3
 Hailstorm                Conj/Ice       0%         3d3       100%        3
 Ignite Poison            Fire/Tmut/Pois 0%         N/A       100%        3
 Mephitic Cloud           Conj/Pois/Air  0%         N/A       100%        3
 Ozocubu's Armour         Ice            0%         N/A       100%        3
 Spider Form              Tmut/Pois      0%         N/A       100%        3
 Summon Guardian Golem    Hex/Summ       0%         N/A       100%        3
 Swiftness                Air            0%         N/A       100%        3
 Teleport Other           Tloc           0%         N/A       100%        3
 Tukima's Dance           Hex            0%         N/A       100%        3
 Airstrike                Air            0%         2d(0-16)  100%        4
 Anguish                  Hex/Necr       0%         N/A       100%        4
 Cause Fear               Hex            0%         N/A       100%        4
 Flame Wave               Conj/Fire      0%         2d4       100%        4
 Fulminant Prism          Conj/Hex       0%         3d5       100%        4
 Ice Form                 Ice/Tmut       0%         N/A       100%        4
 Iskenderun's Mystic Bla  Conj/Tloc      0%         2d3       100%        4
 Leda's Liquefaction      Hex/Erth       0%         N/A       100%        4
 Manifold Assault         Tloc           0%         N/A       100%        4
 Olgreb's Toxic Radiance  Pois           0%         N/A       100%        4
 Passage of Golubria      Tloc           0%         N/A       100%        4
 Petrify                  Tmut/Erth      0%         N/A       100%        4
 Sticky Flame             Conj/Fire      0%         2d3       100%        4
 Summon Ice Beast         Ice/Summ       0%         N/A       100%        4
 Agony                    Necr           0%         N/A       100%        5
 Alistair's Intoxication  Tmut/Pois      0%         N/A       100%        5
 Arcjolt                  Conj/Air       0%         1d10      100%        5
 Blade Hands              Tmut           0%         N/A       100%        5
 Freezing Cloud           Conj/Ice/Air   0%         6-21      100%        5
 Irradiate                Conj/Tmut      0%         3d11      100%        5
 Iskenderun's Battlesphe  Conj           0%         2d6       100%        5
 Metabolic Englaciation   Hex/Ice        0%         N/A       100%        5
 Plasma Beam              Fire/Air       0%         2x1d7     100%        5
 Silence                  Hex/Air        0%         N/A       100%        5
 Summon Forest            Summ/Tloc      0%         N/A       100%        5
 Summon Mana Viper        Hex/Summ       0%         N/A       100%        5
 Yara's Violent Unravell  Hex/Tmut       0%         3d3       100%        5
 Dispersal                Tloc           0%         N/A       100%        6
 Eringya's Noxious Bog    Tmut/Pois      0%         N/A       100%        6
 Iron Shot                Conj/Erth      0%         9d1       100%        6
 Simulacrum               Ice/Necr       0%         N/A       100%        6
 Starburst                Conj/Fire      0%         6d3       100%        6
 Statue Form              Tmut/Erth      0%         N/A       100%        6
 Summon Cactus Giant      Summ           0%         N/A       100%        6
 Dragon Form              Tmut           0%         N/A       100%        7
 Enfeeble                 Hex            0%         N/A       100%        7
 Monstrous Menagerie      Summ           0%         N/A       100%        7
 Ozocubu's Refrigeration  Ice            0%         4d7       100%        7
 Spellforged Servitor     Conj/Summ      0%         N/A       100%        7
 Summon Hydra             Summ           0%         N/A       100%        7
 Disjunction              Tloc           0%         N/A       100%        8
 Ignition                 Fire           0%         3d3       100%        8
 Lehudib's Crystal Spear  Conj/Erth      0%         10d2      100%        8
 Maxwell's Capacitive Co  Air            0%         ∞         100%        8
 Chain Lightning          Conj/Air       0%         N/A       100%        9
 Dragon's Call            Summ           0%         N/A       100%        9
 Fire Storm               Conj/Fire      0%         5d1       100%        9
 Polar Vortex             Ice            0%         N/A       100%        9
 Shatter                  Erth           0%         3d5*      100%        9


Dungeon Overview and Level Annotations

Branches:
Dungeon (15/15)            Temple (1/1) D:5            Lair (5/5) D:8
  Swamp (4/4) Lair:2        Snake (4/4) Lair:2        Slime (5/5) Lair:5
    Orc (2/2) D:10            Elf (3/3) Orc:2        Vaults (5/5) D:13
  Crypt (3/3) Vaults:3       Tomb (0/3) Crypt:3      Depths (4/4) D:15
  IceCv (visited)         Volcano (visited)         Gauntlet (visited)
    Zot: Depths:4

Altars:
Ashenzari
Cheibriados
Dithmenos
Elyvilon
Fedhas
Gozag
Hepliaklqana
Kikubaaqudgha
Makhleb
Nemelex Xobeh
Okawaru
Qazlal
Ru
Sif Muna
Trog
Uskayaw
Vehumet
Wu Jian
Xom
Yredelemnul
Zin
The Shining One

Shops:
D:4 *   D:8 *   Orc:2 [?(!   Elf:1 =   Elf:3 ::=*   Snake:1 (=   Snake:4 ?*[
Vaults:2 (   Vaults:4 *   Depths:2 =

Portals:
Abyss: D:10
Trove: D:10 (give 2 scrolls of acquirement)

Annotations:
Temple 2 transporters
Lair:2 2 transporters, MirrMurr's ghost, journeyman SpHu
Vaults:1 2 runed translucent doors, exclusion: 2 doors, Ymilidghe's ghost, adept TrGl


Innate Abilities, Weirdness & Mutations

You are partially covered in iridescent scales. (AC +2)
You have a somewhat thin skeletal structure. (Dex +2, Stealth+)
Your flesh is cold resistant. (rC+)


Message History

Your mature batweird beast grabs the orc knight.
Your mature batweird beast constricts the orc knight.
Your Armour skill increases to level 21!
You hit the golden dragon but do no damage.
The golden dragon is almost dead.
You are no longer corroded.
The shining eye changes into a lindwurm!
Your mature batweird beast hits the orc knight but does no damage.
Your mature batweird beast constricts the orc knight.
The golden dragon breathes fire at you. The bolt of fire misses you.
You block the ettin's attack. The ettin closely misses you.
Your mature batweird beast loses its grip on the orc knight.
You hit the golden dragon but do no damage.
The golden dragon is almost dead.
The lindwurm changes into a manticore!
The ancient lich casts a spell at you. The crystal spear hits you!!!!
* * * LOW HITPOINT WARNING * * *
You block the golden dragon's attack. x2; The golden dragon barely misses you.
You block the ettin's attack. x2; The stone giant throws a large rock.
The large rock hits your mature batweird beast!!
An ancient lich comes into view.
Activating: Cleansing Flame (0% risk of failure)
Press: ? - help, Dir - look around, f - activate The golden flame engulfs you but does no damage.
You resist.
The golden flame engulfs the ettin!!!
You kill the ettin!
The golden flame engulfs the golden dragon.
The golden dragon is almost dead.
The golden flame engulfs the vault warden!!
The vault warden is moderately wounded.
The golden flame engulfs the orc knight!!!
The orc knight is severely wounded.
The golden flame engulfs the ancient lich!
The ancient lich writhes in agony!
The ancient lich is lightly damaged.
The ancient lich points at you and mumbles some strange words.
The bolt of acid hits you!! You resist.
You die...

▓▓▓▓▓▓ .......
▓........
▓▓▓▓▓▓▓▓........
▓@)p..H.........
▓.Do)HC.(...)...
▓.L)...........§
▓..............h
▓...........W...
▓∩......L.......
▓...............
▓...............
▓...............


You could see a golden dragon (catching breath), 2 ancient liches, a stone
giant, a vault warden, an orc knight (strong), a manticore shaped shifter (ally
target) and a friendly mature batweird beast (summoned).

Vanquished Creatures
  the Royal Jelly (Slime:5)
  A dread lich (Zig:15)
  An ancient lich (Zig:3)
  Mara (Vaults:3)
  Sojobo (Crypt:3)
  Vashnia (Snake:4)
  A shard shrike (Zig:13)
  A caustic shrike (Zig:14)
  2 golden dragons (Zig:15)
  A bone dragon (Abyss:2)
  3 hellephants (Zig:14)
  A shard shrike zombie (Crypt:2)
  4 tentacled monstrosities
  Rupert (D:13)
  5 Ice Fiends (Zig:13)
  A lich (Vaults:5)
  4 deep elf blademasters
  5 titans (Vaults:5)
  Asterion (Vaults:1)
  Mlioglotl (Snake:1)
  Frances (D:12)
  7 deep elf master archers
  23 acid blobs
  5 ancient champions
  3 sphinxes
  5 tentacled starspawn
  6 tengu reavers
  4 shadow dragons
  A revenant (Zig:6)
  5 nagarajas
  6 storm dragons
  9 rockslimes
  An azure jelly (shapeshifter) (Vaults:5)
  Roxanne (D:14)
  3 narguns (Zig:13)
  5 azure jellies
  A fire giant (Vaults:5)
  An iron dragon (Vaults:5)
  The ghost of reggie the Thaumaturge, a journeyman DrHW of Sif Muna (Swamp:2)
  8 deep elf sorcerers
  10 frost giants
  4 deep elf elementalists (Elf:3)
  A caustic shrike zombie (Crypt:3)
  4 curse skulls
  15 vault wardens
  A war gargoyle (Zig:15)
  9 orc warlords
  2 juggernaut zombies (Crypt:2)
  24 very ugly things
  12 stone giants
  5 ghouls
  2 spriggan defenders (Depths:3)
  13 quicksilver oozes
  8 ironbound thunderhulks
  15 ironbound preservers
  A juggernaut skeleton (Crypt:3)
  A caustic shrike skeleton (Crypt:1)
  5 deep elf demonologists
  A reaper (Swamp:1)
  15 vampire knights
  2 eleionomae
  3 wendigos (Zig:13)
  4 spark wasps
  3 bunyips
  8 dire elephants
  8 starcursed masses
  7 deep elf annihilators
  2 purple draconians (Zig:2)
  A minotaur (Gauntlet)
  5 eidola
  7 deep elf death magi
  2 merfolk impalers (Zig:10)
  2 crystal guardians
  8 ettins
  5 jiangshi (Crypt:3)
  4 merfolk javelineers
  5 fire dragons
  3 shambling mangroves
  A green death (Zig:5)
  2 entropy weavers
  5 great orbs of eyes
  15 yaktaur captains
  Harold (D:10)
  31 vault guards
  An ice dragon (Depths:2)
  5 deep elf high priests
  The ghost of snipermoke the Carver, a journeyman DgFi (D:10)
  A spriggan zombie (Crypt:3)
  4 salamander tyrants
  2 peacekeepers
  23 hydras
  3 spriggan air magi
  10 anacondas
  2 ogre magi (Vaults:5)
  19 centaur warriors
  3 ghost crabs
  5 catoblepae
  A merfolk avatar (Zig:10)
  8 ironbound frosthearts
  9 two-headed ogres
  3 boulder beetles
  4 death knights
  Erica (D:9)
  2 merfolk aquamancers (Zig:10)
  10 death yaks
  8 naga warriors
  9 vampire magi
  2 hell hogs
  6 tengu warriors
  A satyr (Zig:11)
  11 alligators
  8 deep troll earth magi
  30 dancing weapons
  5 deep troll shamans
  9 orc high priests
  Urug (D:13)
  13 naga sharpshooters
  18 deep elf knights
  Nergalle (Orc:1)
  A thrashing horror (Zig:7)
  2 titan zombies
  4 hell knights (Depths:2)
  5 soul eaters
  8 shock serpents
  A storm dragon zombie (Crypt:3)
  2 spriggan berserkers
  Sonja (Orc:2)
  A sixfirhy (Gauntlet)
  3 skysharks
  An iron giant zombie (Crypt:3)
  A spectral death yak (Lair:2)
  6 salamander mystics
  4 wretched stars
  2 golden dragon zombies (Crypt:3)
  A fire crab (shapeshifter) (D:13)
  17 skeletal warriors
  The ghost of MrClown the Thaumaturge, a novice DsNe of Kikubaaqudgha (D:8)
  9 goliath frogs
  A sea snake (Zig:10)
  4 flayed ghosts
  A spatial maelstrom (Zig:7)
  3 bunyip zombies
  5 iron trolls
  55 deep trolls
  7 spriggan druids
  8 swamp dragons
  An obsidian statue (Zig:7)
  A storm dragon skeleton (Crypt:2)
  3 glowing orange brains
  A deep troll (shapeshifter) (Depths:2)
  A swamp dragon (shapeshifter) (Elf:1)
  19 orc knights
  3 bog bodies
  23 phantasmal warriors
  8 naga ritualists
  7 wizards
  2 anaconda zombies (Crypt:3)
  12 deep elf archers
  13 lindwurms
  9 necromancers
  3 orange crystal statues
  A lindwurm (shapeshifter) (Depths:2)
  A steelbarb worm (shapeshifter) (Vaults:5)
  A bunyip skeleton (Crypt:1)
  9 harpies
  6 orc sorcerers
  8 mana vipers
  24 ironbound convokers
  27 deep elf pyromancers
  34 deep elf zephyrmancers
  29 ugly things
  A wolf spider (D:15)
  A faun (Zig:11)
  A shining eye (shapeshifter) (Vaults:5)
  12 cyclopes
  A manticore (shapeshifter) (Elf:1)
  3 manticores
  2 will-o-the-wisps (Swamp:2)
  20 salamanders
  5 shining eyes
  A worldbinder (Elf:2)
  A moth of wrath (Zig:12)
  20 elephants
  37 black mambas
  A dire elephant zombie (Crypt:2)
  2 toenail golems (D:10)
  17 vault sentinels
  3 eyes of devastation
  Joseph (D:9)
  2 water nymphs (Zig:10)
  4 guardian serpents
  2 ice statues
  10 naga magi
  17 cane toads
  Maggie (D:6)
  An orange demon (Abyss:2)
  4 gargoyles
  3 rime drakes
  A smoke demon (Zig:7)
  An efreet (Volcano)
  An unseen horror (D:12)
  A white draconian zombie (Crypt:3)
  An unseen horror zombie (D:8)
  5 freezing wraiths
  8 komodo dragons
  38 yaktaurs
  2 tengu conjurers
  5 guardian mummies (Crypt:3)
  3 harpy zombies
  A spectral skyshark (Lair:2)
  2 bloated husks
  A merfolk (shapeshifter) (Vaults:5)
  A meliai (Snake:2)
  7 trolls
  4 merfolk (Zig:10)
  14 hornets
  Grinder (D:6)
  2 wind drakes (Zig:10)
  18 polar bears
  12 tyrant leeches
  Prince Ribbit (D:7)
  14 blink frogs
  25 dream sheep
  A snapping turtle (Zig:10)
  A frost giant simulacrum (Vaults:4)
  94 slime creatures
  A slime creature (shapeshifter) (Depths:2)
  An ettin skeleton (Vaults:4)
  Sigmund (D:2)
  A satyr skeleton (Crypt:3)
  21 vampires
  2 ynoxinuls (Abyss:2)
  2 air elementals (Elf:3)
  12 spriggans
  12 water elementals
  9 wraiths
  A shadow (D:11)
  2 fire elementals
  5 large abominations
  3 wyverns
  21 humans (D:13)
  4 fire bats (Swamp:4)
  56 yaks
  A human (shapeshifter) (D:15)
  5 golden eyes
  4 basilisks
  Menkaure (D:4)
  4 steam dragons
  11 vampire mosquitoes
  5 redbacks (Vaults:4)
  A naga zombie (Crypt:3)
  21 swamp worms
  17 small abominations
  11 wargs
  2 acid dragons
  26 nagas
  15 water moccasins
  2 spectral yaks (Lair:2)
  50 orc warriors
  13 swamp drakes
  An ice beast (D:5)
  2 black bears (D:8)
  A lindwurm zombie (Crypt:2)
  A sky beast (D:8)
  27 wolves
  11 ogres
  A snapping turtle skeleton (Crypt:2)
  6 phantoms
  8 centaurs
  An elephant skeleton (Crypt:3)
  3 kobold brigands
  15 bullfrogs
  A human zombie (Vaults:4)
  A spectral wyvern (Lair:2)
  An earth elemental (Elf:1)
  2 necrophages
  2 gnoll sergeants
  2 wyvern zombies
  3 scorpions
  2 yaktaur skeletons
  4 wights
  3 two-headed ogre simulacra (D:12)
  A wyvern skeleton (Crypt:1)
  A raiju zombie (Crypt:3)
  5 killer bees
  A troll zombie (D:10)
  6 howler monkeys
  A shapeshifter skeleton (Crypt:3)
  A spectral wolf (Lair:2)
  An electric eel (D:11)
  3 centaur zombies (D:8)
  5 jellies
  A quasit (Abyss:2)
  A centaur skeleton (Crypt:1)
  27 orc priests
  A gnoll bouda (D:7)
  3 hounds
  Crazy Yiuf (D:2)
  3 basilisk skeletons
  Natasha (D:2)
  A sleepcap (D:7)
  5 iguanas
  26 orc wizards
  2 spriggan simulacra (D:12)
  A killer bee zombie (D:8)
  2 wolf simulacra (D:12)
  7 ogre zombies (D:10)
  A sky beast zombie (Crypt:3)
  7 mummies (Crypt:3)
  23 gnolls
  A naga simulacrum (D:12)
  10 adders
  3 shadow imps
  4 white imps
  2 ufetubi (Gauntlet)
  An iguana zombie (Crypt:3)
  A lava snake skeleton (Crypt:3)
  4 worms
  3 dart slugs
  84 orcs
  8 ball pythons
  5 bats
  6 endoplasms
  6 giant cockroaches
  5 goblins
  6 hobgoblins
  3 jackals (D:1)
  6 quokkas
  4 frilled lizards
  3 goblin skeletons (D:10)
  3 goblin zombies (D:10)
  A hobgoblin skeleton (D:10)
  2 hobgoblin zombies (D:10)
  A jackal skeleton (Crypt:1)
  25 kobolds
  2 orc skeletons
  15 orc zombies (D:10)
  5 rats
  4 briar patches (Swamp:1)
  10 butterflies (Crypt:3)
  A fire vortex (Lair:3)
  7 starspawn tentacles
2312 creatures vanquished.

Vanquished Creatures (collateral kills)
  A golden dragon (Vaults:5)
  A slime creature (Lair:5)
  An entropy weaver (Zig:15)
  2 dancing weapons (Elf:2)
  A deep elf knight (Elf:2)
  A naga ritualist (Snake:1)
  An orc knight (Zig:15)
  A vault sentinel (Vaults:5)
  2 black mambas (Snake:1)
11 creatures vanquished.

Vanquished Creatures (others)
  An eleionoma (Zig:8)
  A blizzard demon (Zig:13)
  A spriggan berserker (Zig:8)
  3 swamp dragons
  2 deep elf zephyrmancers
  2 deep elf pyromancers
  A cyclops (Zig:10)
  A bloated husk (Swamp:4)
  An iron dragon simulacrum (Zig:13)
  2 steam dragons (Swamp:4)
  2 swamp drakes (Swamp:4)
  A human (D:8)
  An orc wizard (Orc:1)
  An orc (Orc:1)
  A briar patch (Swamp:1)
  4 foxfires (Swamp:2)
  23 fungi
  57 plants
  12 starspawn tentacles
117 creatures vanquished.

Grand Total: 2440 creatures vanquished

Notes
Turn   | Place    | Note
-------+----------+-------------------------------------------
     0 | D:1      | Armakuni the Human Monk began the quest for the Orb.
     0 | D:1      | Reached XP level 1. HP: 18/18 MP: 1/1
   300 | D:1      | Reached XP level 2. HP: 24/24 MP: 2/2
   591 | D:1      | Reached XP level 3. HP: 29/29 MP: 3/3
   911 | D:2      | Learned a level 2 spell: Wereblood
  1088 | D:2      | Noticed Sigmund
  1160 | D:2      | Found a runed translucent door.
  1161 | D:2      | Noticed Crazy Yiuf
  1242 | D:2      | Killed Crazy Yiuf
  1243 | D:2      | Reached XP level 4. HP: 35/35 MP: 4/4
  1651 | D:2      | Reached skill level 5 in Maces & Flails
  1696 | D:2      | Killed Sigmund
  1697 | D:2      | Reached XP level 5. HP: 41/41 MP: 5/5
  1697 | D:2      | Reached XP level 6. HP: 47/47 MP: 6/6
  2011 | D:2      | Noticed Natasha
  2017 | D:2      | Killed Natasha
  2858 | D:4      | Noticed Menkaure
  2876 | D:4      | Killed Menkaure
  2877 | D:4      | Reached XP level 7. HP: 52/52 MP: 7/7
  2967 | D:4      | Found Bvegyocs's Bounteous Boutique.
  3085 | D:4      | You fall into a shaft and drop 3 floors!
  3363 | D:6      | Reached XP level 8. HP: 35/60 MP: 8/8
  3572 | D:5      | Entered Level 5 of the Dungeon
  3596 | D:5      | Reached skill level 5 in Fighting
  3760 | D:4      | Found a hide-covered altar of Uskayaw.
  3980 | D:4      | Reached skill level 5 in Dodging
  4571 | D:5      | Found a shimmering blue altar of Sif Muna.
  4646 | D:5      | Reached XP level 9. HP: 68/68 MP: 9/9
  4890 | D:5      | Found a staircase to the Ecumenical Temple.
  5008 | Temple   | Entered the Ecumenical Temple
  5008 | Temple   | Found a transporter.
  5008 | Temple   | Found a transporter.
  5010 | Temple   | Found a transporter.
  5010 | Temple   | Found a transporter.
  5033 | Temple   | Became a worshipper of the Shining One
  5033 | Temple   | Reached * piety under the Shining One
  5033 | Temple   | Reached ** piety under the Shining One
  5642 | D:6      | Noticed Grinder
  5643 | D:6      | Paralysed by Grinder for 3 turns
  5647 | D:6      | Noticed Maggie
  5651 | D:6      | Killed Grinder
  5666 | D:6      | Killed Maggie
  5667 | D:6      | Reached skill level 10 in Maces & Flails
  5789 | D:6      | Reached skill level 1 in Invocations
  6262 | D:7      | Noticed Prince Ribbit
  6273 | D:7      | Killed Prince Ribbit
  6274 | D:7      | Reached XP level 10. HP: 32/74 MP: 11/11
  7113 | D:8      | Found an ancient bone altar of Kikubaaqudgha.
  7161 | D:8      | Found Vecet's General Store.
  7165 | D:8      | Bought a scroll of enchant weapon for 75 gold pieces
  7411 | D:8      | Reached *** piety under the Shining One
  7603 | D:8      | Found a staircase to the Lair.
  7604 | D:8      | Noticed a komodo dragon
  7623 | D:8      | Killed a komodo dragon
  7662 | D:8      | Found a runed translucent door.
  7663 | D:8      | Identified the +6 spear of Invincibility {elec, rPois rF-
                  | Str+2}
  7664 | D:8      | Noticed MrClown's ghost (novice DsNe)
  8050 | D:8      | Found an iron altar of Okawaru.
  8303 | D:9      | Reached XP level 11. HP: 52/79 MP: 12/12
  8482 | D:9      | Noticed a two-headed ogre
  8635 | D:9      | Noticed Joseph
  8679 | D:9      | Killed Joseph
  8790 | D:9      | Killed a two-headed ogre
  9557 | D:10     | Entered Level 10 of the Dungeon
  9557 | D:10     | Noticed Erica
  9620 | D:9      | Killed Erica
  9621 | D:9      | Reached skill level 15 in Maces & Flails
  9753 | D:10     | Found an ornate altar of the Wu Jian Council.
  9775 | D:10     | Noticed a skeletal warrior
  9776 | D:10     | Noticed a tentacled starspawn
  9780 | D:10     | Noticed a hell hog
  9780 | D:10     | Noticed a toenail golem
  9780 | D:10     | Noticed a toenail golem
  9782 | D:10     | Noticed a wizard
  9791 | D:10     | Found a one-way gate to the infinite horrors of the Abyss.
  9846 | D:10     | Noticed a vault guard
  9868 | D:10     | Killed a vault guard
  9869 | D:10     | Reached skill level 5 in Invocations
  9910 | D:10     | Found a portal to a secret trove of treasure.
  9996 | D:10     | Noticed Harold
 10024 | D:10     | Killed Harold
 10037 | D:10     | Noticed a two-headed ogre
 10050 | D:10     | Reached **** piety under the Shining One
 10052 | D:10     | Found a staircase to the Orcish Mines.
 10237 | D:10     | Killed a two-headed ogre
 10331 | D:10     | Reached ***** piety under the Shining One
 10484 | D:10     | Found a transporter.
 10529 | D:10     | Found a transporter.
 10831 | D:11     | Reached XP level 12. HP: 86/86 MP: 16/16
 10847 | D:11     | Noticed a boulder beetle
 10867 | D:11     | Killed a boulder beetle
 11419 | D:11     | Noticed a two-headed ogre
 11432 | D:11     | Killed a two-headed ogre
 11678 | D:11     | Noticed a skeletal warrior
 11690 | D:11     | Noticed a skeletal warrior
 11690 | D:11     | Noticed a skeletal warrior
 11690 | D:11     | Noticed a skeletal warrior
 11695 | D:11     | Noticed a skeletal warrior
 11721 | D:11     | Killed a skeletal warrior
 11723 | D:11     | Killed a skeletal warrior
 11732 | D:11     | Killed a skeletal warrior
 11733 | D:11     | Reached skill level 10 in Invocations
 11743 | D:11     | Killed a skeletal warrior
 11765 | D:11     | Killed a skeletal warrior
 12403 | D:12     | Found a transporter.
 12451 | D:12     | Noticed a two-headed ogre
 12470 | D:12     | Killed a two-headed ogre
 12500 | D:12     | Noticed Frances
 12502 | D:12     | Noticed a sun demon
 12538 | D:12     | Noticed a two-headed ogre
 12560 | D:12     | Killed Frances
 13019 | D:12     | Reached XP level 13. HP: 83/91 MP: 22/22
 13095 | D:12     | Found a frozen archway.
 13125 | IceCv    | Entered an ice cave
 13837 | IceCv    | Identified the +4 mace "Demonslayer" {heavy, +Blink rPois
                  | Str-5 Int+8}
 13937 | IceCv    | Noticed a frost giant
 13940 | IceCv    | Killed a frost giant
 13988 | IceCv    | Identified the staff of earth "Ibailif" {rElec Int+3}
 14505 | D:12     | Found a radiant altar of Vehumet.
 14727 | D:12     | Found a transporter.
 14868 | D:8      | Bought a +0 helmet for 45 gold pieces
 14907 | D:8      | Killed MrClown's ghost
 15130 | Lair:1   | Entered Level 1 of the Lair of Beasts
 15186 | Lair:1   | Reached XP level 14. HP: 96/98 MP: 21/24
 15698 | Lair:1   | Identified the +8 whip of Disgust {vamp, rElec Str+7}
 15705 | Lair:1   | Reached skill level 15 in Invocations
 16563 | Lair:2   | Found a transporter.
 16655 | Lair:2   | Reached skill level 1 in Armour
 16678 | Lair:2   | Found a staircase to the Swamp.
 16687 | Lair:2   | Reached skill level 3 in Armour
 16921 | Lair:2   | Noticed MirrMurr's ghost (journeyman SpHu)
 16984 | Lair:2   | Found a staircase to the Snake Pit.
 17208 | Lair:2   | Found a transporter.
 17497 | Lair:3   | Reached skill level 4 in Armour
 17793 | Lair:3   | Reached skill level 5 in Armour
 17840 | Lair:3   | Reached skill level 6 in Armour
 18696 | Lair:4   | Reached skill level 7 in Armour
 19793 | Lair:5   | Entered Level 5 of the Lair of Beasts
 19799 | Lair:5   | Reached skill level 8 in Armour
 19915 | Lair:5   | Reached skill level 5 in Evocations
 20069 | Lair:3   | Reached XP level 15. HP: 39/103 MP: 23/26
 20350 | Lair:5   | Found a dark tunnel.
 20357 | Volcano  | Entered a volcano
 20641 | Lair:5   | Reached skill level 9 in Armour
 20890 | Lair:5   | Found a staircase to the Slime Pits.
 21158 | Lair:5   | Reached skill level 10 in Armour
 22546 | Orc:1    | Entered Level 1 of the Orcish Mines
 22550 | Orc:1    | Noticed an orc warlord
 22552 | Orc:1    | Noticed an orc warlord
 22765 | D:10     | an orc warlord changed into a dire elephant
 22830 | D:10     | Killed an orc warlord
 23062 | Orc:1    | Reached XP level 16. HP: 109/111 MP: 15/27
 23074 | Orc:1    | Noticed Maurice
 23078 | Orc:1    | Maurice changed into Maurice the water moccasin
 23078 | Orc:1    | Noticed Maurice
 23081 | Orc:1    | Killed Maurice the water moccasin
 23400 | Orc:1    | Noticed Nergalle
 23408 | Orc:1    | Killed Nergalle
 23516 | Orc:2    | Entered Level 2 of the Orcish Mines
 23574 | Orc:2    | Found a staircase to the Elven Halls.
 23815 | Orc:2    | Found a gate leading to a gauntlet.
 23899 | Gauntlet | Entered a Gauntlet
 23899 | Gauntlet | Found a transporter.
 23906 | Gauntlet | Found a transporter.
 23908 | Gauntlet | Found a transporter.
 23919 | Gauntlet | Found a transporter.
 23922 | Gauntlet | Found a transporter.
 23931 | Gauntlet | Found a transporter.
 23943 | Gauntlet | Found a runed translucent door.
 23947 | Gauntlet | Found a transporter.
 23957 | Gauntlet | Found a transporter.
 23968 | Gauntlet | Found a transporter.
 23973 | Gauntlet | Found a transporter.
 23996 | Gauntlet | Found a transporter.
 23999 | Gauntlet | Found a transporter.
 24053 | Gauntlet | Found a transporter.
 24056 | Gauntlet | Found a transporter.
 24295 | Gauntlet | Identified the +1 trident of the Charming Genius {venom,
                  | rN+}
 24394 | Gauntlet | Identified the ring of Imiomor {Will+ MP+9 Str+4 Int-3}
 24445 | Orc:2    | Noticed Sonja
 24449 | Orc:2    | Killed Sonja
 24591 | Orc:2    | Reached skill level 1 in Throwing
 24991 | Orc:2    | Reached skill level 5 in Throwing
 25086 | Orc:2    | Paralysed by an orc sorcerer for 3 turns
 25149 | Orc:2    | Found Seyk's Weapon Shop.
 25149 | Orc:2    | Found Nedyhauq's Distillery.
 25151 | Orc:2    | Found Ysid's Antique Armour Shop.
 25151 | Orc:2    | Found Wesela's Magic Scroll Shoppe.
 25162 | Orc:2    | Bought a potion of heal wounds for 70 gold pieces
 25162 | Orc:2    | Bought a potion of mutation for 112 gold pieces
 25162 | Orc:2    | Bought a potion of heal wounds for 70 gold pieces
 25162 | Orc:2    | Bought a potion of mutation for 112 gold pieces
 25164 | Orc:2    | Bought a scroll of teleportation for 42 gold pieces
 25164 | Orc:2    | Bought a scroll of teleportation for 42 gold pieces
 25164 | Orc:2    | Bought a scroll of enchant weapon for 105 gold pieces
 25164 | Orc:2    | Bought a scroll of enchant weapon for 105 gold pieces
 25164 | Orc:2    | Bought a scroll of immolation for 56 gold pieces
 26133 | D:10     | Noticed snipermoke's ghost (journeyman DgFi)
 26153 | D:10     | Killed snipermoke's ghost
 26163 | D:10     | Killed a tentacled starspawn
 26175 | D:10     | Identified the +9 morningstar "Latyucug" {vamp, Stlth+}
 26390 | D:4      | Bought a box of beasts for 400 gold pieces
 26390 | D:4      | Bought 5 boomerangs for 100 gold pieces
 26524 | Snake:1  | Entered Level 1 of the Snake Pit
 26546 | Snake:1  | Learned a level 2 spell: Lesser Beckoning
 27150 | Snake:1  | Found Riowi's Jewellery Shop.
 27150 | Snake:1  | Found Immo's Antique Weapon Boutique.
 27182 | Snake:1  | Bought a +6 ring of strength for 540 gold pieces
 27426 | Snake:1  | Noticed Mlioglotl
 27440 | Snake:1  | Noticed a bone dragon
 27442 | Snake:1  | Killed Mlioglotl
 28213 | Snake:2  | Reached XP level 17. HP: 103/124 MP: 28/28
 28215 | Snake:2  | Reached skill level 10 in Throwing
 29477 | Snake:2  | Found a gateway to a bazaar.
 29484 | Snake:2  | Reached skill level 10 in Fighting
 29487 | Bazaar   | Entered a bazaar
 29487 | Bazaar   | Found Seocodghi's Jewellery Emporium.
 29499 | Bazaar   | Found Foqius's Antique Weapon Shop.
 29501 | Bazaar   | Found Wukkinih's Antique Armour Shop.
 29511 | Bazaar   | Found Jaqyajeck's Jewellery Shoppe.
 29523 | Bazaar   | Bought a pair of embroidered boots for 180 gold pieces
 29536 | Bazaar   | Bought a pair of runed boots for 180 gold pieces
 29571 | Bazaar   | Found Weoniv's Antique Armour Shoppe.
 30718 | Snake:4  | Entered Level 4 of the Snake Pit
 30731 | Snake:4  | Found Nenkat's Magic Scroll Shoppe.
 30760 | Snake:4  | Found Leckih's Assorted Antiques.
 30762 | Snake:4  | Found Xaemaxut's Antique Armour Shoppe.
 32246 | Snake:4  | Noticed Vashnia
 32255 | Snake:4  | Reached XP level 18. HP: 100/134 MP: 29/29
 32456 | Snake:4  | Killed Vashnia
 32881 | Snake:4  | Reached skill level 10 in Dodging
 33294 | Snake:4  | Got a serpentine rune of Zot
 33894 | Swamp:1  | Entered Level 1 of the Swamp
 34543 | Swamp:1  | Found a transporter.
 34591 | Swamp:1  | Found a transporter.
 35046 | Swamp:2  | Found a large runed translucent door.
 35046 | Swamp:2  | Found a large runed translucent door.
 35051 | Swamp:2  | Noticed reggie's ghost (journeyman DrHW)
 35065 | Swamp:2  | Killed reggie's ghost
 35264 | Swamp:2  | You are sucked into a shaft and drop 1 floor!
 35273 | Swamp:3  | Reached skill level 11 in Armour
 36316 | Swamp:1  | HP: 4/134 [reaper/+0 scythe of venom[a Zot trap] (29)]
 36328 | Swamp:1  | Identified the amulet of Teconitu {Reflect Rampage SH+5}
 36331 | Swamp:1  | Identified the +1 helmet of Insurance {Will+ Regen+ rCorr}
 36602 | Swamp:3  | Reached XP level 19. HP: 140/140 MP: 30/30
 36615 | Swamp:3  | Reached skill level 12 in Armour
 36987 | Swamp:4  | Entered Level 4 of the Swamp
 37119 | Swamp:4  | Identified the amulet "Efamiw" {Spirit Str+3}
 37414 | Swamp:4  | Reached skill level 13 in Armour
 37430 | Swamp:4  | Got a decaying rune of Zot
 38063 | D:13     | Identified the +8 whip "X" {antimagic, Contam rC+ Will+++
                  | Str+3}
 38096 | D:13     | Noticed Urug
 38100 | D:13     | Killed Urug
 38367 | D:13     | Reached skill level 14 in Armour
 38444 | D:13     | Found a gate to the Vaults.
 38673 | D:13     | Noticed Rupert
 38681 | D:13     | Killed Rupert
 38814 | D:13     | Identified the +2 leather armour "Oviteisch" {rElec rC-
                  | Int+3}
 38983 | D:14     | Identified Roxanne's Catalogue of the Body
 38983 | D:14     | Noticed Roxanne
 39000 | D:14     | Killed Roxanne
 39268 | D:15     | Entered Level 15 of the Dungeon
 39271 | D:15     | Reached skill level 15 in Armour
 39561 | D:15     | Found a staircase to the Depths.
 40009 | Elf:1    | Entered Level 1 of the Elven Halls
 40009 | Elf:1    | Found a runed translucent gate.
 40009 | Elf:1    | Found a runed translucent gate.
 40009 | Elf:1    | Found a runed translucent gate.
 40009 | Elf:1    | Found a runed translucent gate.
 40009 | Elf:1    | Found a runed translucent gate.
 40009 | Elf:1    | Found a runed translucent gate.
 40013 | Elf:1    | Found a runed translucent door.
 40105 | Elf:1    | Found Ehidwat's Jewellery Boutique.
 40109 | Elf:1    | Reached skill level 16 in Armour
 40169 | Elf:1    | Found a shimmering blue altar of Sif Muna.
 40173 | Elf:1    | Identified the +1 leather armour of Temperance {rN+ Will+}
 40179 | Elf:1    | Reached XP level 20. HP: 132/147 MP: 31/31
 40245 | Elf:1    | Found a flickering gateway to a bazaar.
 40255 | Bazaar   | Entered a bazaar
 40255 | Bazaar   | Found Anwum's Weapon Boutique.
 40328 | Bazaar   | Found Reoqoir's Distillery.
 40333 | Bazaar   | Found Gamojuw's Antique Weapon Boutique.
 40342 | Bazaar   | Found Jeat's Distillery.
 40351 | Bazaar   | Bought a potion of heal wounds for 75 gold pieces
 40376 | Bazaar   | Bought a potion of cancellation for 136 gold pieces
 40716 | Elf:1    | Found a runed translucent door.
 40818 | Elf:1    | Identified the +6 chain mail of Hadjma {Harm Drain rN++
                  | rCorr}
 41190 | Elf:2    | Reached skill level 17 in Armour
 41594 | Snake:4  | Bought a scroll of acquirement for 988 gold pieces
 41595 | Snake:4  | Acquired the +0 pair of gloves of Acvasiagit {Regen+ rCorr
                  | MP-9 Int+3}
 41898 | Vaults:1 | Entered Level 1 of the Vaults
 42088 | Vaults:1 | Reached skill level 18 in Armour
 42418 | Elf:2    | Found a shimmering altar of Xom.
 42717 | Elf:2    | Found a huge runed translucent gate.
 42717 | Elf:2    | Found a huge runed translucent gate.
 42717 | Elf:2    | Found a huge runed translucent gate.
 42717 | Elf:2    | Found a huge runed translucent gate.
 42718 | Elf:2    | Found a huge runed translucent gate.
 42907 | Abyss:2  | Cast into level 2 of the Abyss (+2 hand axe of distortion)
 42908 | Abyss:2  | Found a corrupted altar of Lugonu.
 43016 | Abyss:2  | Noticed a bone dragon
 43037 | Abyss:2  | Killed a bone dragon
 43080 | Abyss:2  | Found a corrupted altar of Lugonu.
 43106 | Abyss:2  | Reached skill level 19 in Armour
 43126 | Abyss:2  | Found a huge runed gate.
 43126 | Abyss:2  | Found a huge runed gate.
 43126 | Abyss:2  | Found a huge runed gate.
 43126 | Abyss:2  | Found a huge runed gate.
 43128 | Abyss:2  | Found a huge runed gate.
 43128 | Abyss:2  | Found a huge runed gate.
 43128 | Abyss:2  | Found a huge runed gate.
 43130 | Abyss:2  | Found a huge runed gate.
 43130 | Abyss:2  | Found a huge runed gate.
 43168 | Elf:2    | Escaped the Abyss
 43197 | Elf:2    | Reached XP level 21. HP: 38/153 MP: 28/32
 43693 | Elf:3    | Entered Level 3 of the Elven Halls
 43726 | Elf:2    | Reached skill level 20 in Armour
 43970 | Elf:3    | Paralysed by an air elemental for 1 turns
 44112 | Elf:3    | Found Saleblue's Assorted Antiques.
 44142 | Elf:3    | Identified the +5 shortbow of Callousness {drain, *Slow
                  | rElec Str+3}
 44173 | Elf:3    | Found Rownu's Jewellery Shop.
 44173 | Elf:3    | Found Jyuttis's Book Shoppe.
 44174 | Elf:3    | Found Orut's Book Shoppe.
 44232 | Elf:3    | Paralysed by an air elemental for 1 turns
 44273 | Elf:3    | Gained mutation: Potions are less effective at restoring
                  | your health. [a neqoxec]
 44354 | Elf:3    | Identified the +2 pair of gloves of Fortification {Fly rF-
                  | rN++ Dex+3}
 44481 | Elf:3    | Identified the +4 quarterstaff of Regicide {freeze, Drain
                  | rC+++ Str-5 Stlth+}
 44484 | Elf:3    | Identified the +1 spear "Mupex" {freeze, rElec rC+ Int+3}
 44506 | Elf:3    | Identified the +2 dagger of Bloody Death {vamp, rPois}
 44510 | Elf:3    | Identified the amulet "Foehif" {Faith rPois rCorr Int+3}
 44562 | Elf:3    | Identified the ring of Mekhakk {Ice rPois rN+++ Dex-4
                  | Slay+3}
 44565 | Elf:3    | Identified the +3 scale mail of the Shouting Gods {Stlth+}
 44578 | Elf:3    | Got Sif Muna's Handbook of the Door
 44588 | Elf:3    | Identified the +0 shadow dragon scales "Felepnym" {Str+3
                  | Dex+2 Stlth++++}
 44807 | Elf:3    | Lost mutation: Potions are less effective at restoring your
                  | health. [potion of mutation]
 44807 | Elf:3    | Gained mutation: You are dopey. (Int -2) [potion of
                  | mutation]
 44807 | Elf:3    | Gained mutation: You are occasionally teleported next to
                  | monsters. [potion of mutation]
 44807 | Elf:3    | Gained mutation: You passively dampen the noise of your
                  | surroundings. [potion of mutation]
 44808 | Elf:3    | Lost mutation: You are occasionally teleported next to
                  | monsters. [potion of mutation]
 44808 | Elf:3    | Lost mutation: You passively dampen the noise of your
                  | surroundings. [potion of mutation]
 44808 | Elf:3    | Gained mutation: You possess an exceptional clarity of
                  | mind. [potion of mutation]
 45051 | Vaults:1 | Identified the +8 rapier of the Hidden Dances {freeze,
                  | Str-5 Int-3 Dex+9}
 45208 | Vaults:1 | Noticed Asterion
 45223 | Vaults:1 | Killed Asterion
 45329 | Vaults:1 | Found a large runed translucent door.
 45329 | Vaults:1 | Found a large runed translucent door.
 45330 | Vaults:1 | Noticed Ymilidghe's ghost (adept TrGl)
 45403 | Vaults:1 | Reached XP level 22. HP: 135/161 MP: 33/33
 45914 | Vaults:2 | Reached skill level 15 in Throwing
 46845 | Vaults:2 | Found Mymyfyc's Weapon Shoppe.
 47594 | Vaults:3 | Reached XP level 23. HP: 149/178 MP: 34/34
 48121 | Vaults:3 | Found a staircase to the Crypt.
 48121 | Vaults:3 | Found an ancient bone altar of Kikubaaqudgha.
 48121 | Vaults:3 | Found a basalt altar of Yredelemnul.
 48190 | Vaults:3 | Noticed Mara
 48198 | Vaults:3 | Noticed Armakuni's illusion
 48199 | Vaults:3 | Noticed Armakuni's illusion
 48202 | Vaults:3 | Killed Mara
 48417 | Vaults:3 | Reached skill level 15 in Fighting
 48609 | Crypt:1  | Entered Level 1 of the Crypt
 49270 | Crypt:1  | Reached ****** piety under the Shining One
 49271 | Crypt:1  | Identified a +9 great mace of holy wrath (a +7 great mace
                  | of protection blessed by the Shining One)
 49271 | Crypt:1  | Received a gift from the Shining One
 50341 | Crypt:3  | Entered Level 3 of the Crypt
 50348 | Crypt:3  | Found a basalt altar of Yredelemnul.
 50397 | Crypt:3  | Noticed Sojobo
 50910 | Crypt:3  | Identified the ring "Archagramus" {Drain rElec rC+ rN+
                  | Will+}
 51063 | Crypt:3  | Reached XP level 24. HP: 188/188 MP: 31/36
 51182 | Crypt:3  | Found a huge runed gate.
 51182 | Crypt:3  | Found a huge runed gate.
 51182 | Crypt:3  | Found a huge runed gate.
 51182 | Crypt:3  | Found a huge runed gate.
 51182 | Crypt:3  | Found a huge runed gate.
 51182 | Crypt:3  | Found a huge runed gate.
 51182 | Crypt:3  | Found a huge runed gate.
 51184 | Crypt:3  | Found a huge runed gate.
 51184 | Crypt:3  | Found a huge runed gate.
 51186 | Crypt:3  | Found a huge runed gate.
 51192 | Crypt:3  | Found a huge runed gate.
 51192 | Crypt:3  | Found a huge runed gate.
 51192 | Crypt:3  | Found a huge runed gate.
 51192 | Crypt:3  | Found a huge runed gate.
 51192 | Crypt:3  | Found a huge runed gate.
 51192 | Crypt:3  | Found a huge runed gate.
 51193 | Crypt:3  | Found a huge runed gate.
 51194 | Crypt:3  | Found a huge runed gate.
 51195 | Crypt:3  | Found a huge runed gate.
 51254 | Crypt:3  | Killed Sojobo
 51383 | Crypt:3  | Found a huge runed gate.
 51383 | Crypt:3  | Found a huge runed gate.
 51383 | Crypt:3  | Found a huge runed gate.
 51383 | Crypt:3  | Found a huge runed gate.
 51384 | Crypt:3  | Found a huge runed gate.
 51385 | Crypt:3  | Found a huge runed gate.
 51386 | Crypt:3  | Found a huge runed gate.
 51387 | Crypt:3  | Found a huge runed gate.
 51388 | Crypt:3  | Found a huge runed gate.
 51397 | Crypt:3  | Found a huge runed gate.
 51397 | Crypt:3  | Found a huge runed gate.
 51397 | Crypt:3  | Found a huge runed gate.
 51397 | Crypt:3  | Found a huge runed gate.
 51397 | Crypt:3  | Found a huge runed gate.
 51397 | Crypt:3  | Found a huge runed gate.
 51398 | Crypt:3  | Found a huge runed gate.
 51399 | Crypt:3  | Found a huge runed gate.
 51486 | Crypt:3  | Found a staircase to the Tomb.
 52003 | Crypt:3  | Identified the +1 great sword "Huschy" {freeze, Int+8}
 52007 | Crypt:3  | Identified the +3 barding of Precision Catastrophes {Dex+2}
 52022 | Crypt:3  | Identified the ring "Cauhell" {rF+ rN+}
 52022 | Crypt:3  | Identified the ring "Oturaur" {+Blink rN+}
 52022 | Crypt:3  | Identified the ring of Owkuetih {rElec rN+}
 52160 | Vaults:3 | Learned a level 1 spell: Apportation
 52163 | Vaults:3 | Learned a level 2 spell: Passwall
 52167 | Vaults:3 | Learned a level 3 spell: Vhi's Electric Charge
 52171 | Vaults:3 | Learned a level 3 spell: Portal Projectile
 52334 | Vaults:4 | Identified the +0 leather armour of Divine Compulsion {rN+
                  | Dex+2}
 52887 | Vaults:4 | Found Raneygo's Assorted Antiques.
 52919 | Vaults:4 | Bought a potion of heal wounds for 235 gold pieces
 52919 | Vaults:4 | Bought a scroll of enchant armour for 352 gold pieces
 53732 | Vaults:5 | Entered Level 5 of the Vaults
 53739 | Vaults:5 | Reached XP level 25. HP: 100/200 MP: 31/37
 53980 | Vaults:5 | Identified the staff of earth "Ysokac" {Dex+2}
 54033 | Vaults:5 | Identified the amulet of Puxic {Faith rPois Str+2 Int-5}
 54154 | Vaults:5 | Identified the staff of conjuration "Qoipt" {Fly rPois rF+}
 54252 | Vaults:5 | Identified the +6 war axe of the Maze {freeze, rN+}
 54266 | Vaults:5 | Identified the +8 spear of Urawozud {freeze, rN+ Int-3
                  | SInv}
 54269 | Vaults:5 | Identified the +2 lajatang of Recklessness {flame, *Rage
                  | rPois Will- Int+6}
 54571 | Vaults:5 | Got a silver rune of Zot
 54573 | Vaults:5 | Identified the staff of fire "Wazarus" {rF+ SInv}
 54613 | Vaults:5 | Identified the +2 buckler of Awe {Str-5 Int+5 Dex+4}
 55477 | Slime:1  | Entered Level 1 of the Pits of Slime
 56006 | Slime:3  | Reached XP level 26. HP: 209/213 MP: 37/37
 56147 | Slime:5  | Entered Level 5 of the Pits of Slime
 56201 | Slime:5  | Noticed the Royal Jelly
 56238 | Slime:5  | Killed the Royal Jelly
 56379 | Slime:5  | Gained mutation: You occasionally lose the ability to drink
                  | potions when taking damage. [a shining eye]
 56386 | Slime:5  | Gained mutation: You sometimes lose the ability to drink
                  | potions when taking damage. [a shining eye]
 56477 | Slime:5  | Got a slimy rune of Zot
 56490 | Slime:5  | Identified the +8 chain mail "Puamick" {rF++ rN+++ Will-}
 56526 | Slime:5  | Identified the +4 lajatang of the Little People {heavy,
                  | Drain rN+ Int+9}
 56531 | Slime:5  | Identified the ring of Joneff {rPois MP+9 Int+6}
 56551 | Slime:5  | Identified the +1 chain mail of the Modern Seers {*Slow
                  | rPois rF+ Will+}
 56696 | Lair:5   | Lost mutation: You sometimes lose the ability to drink
                  | potions when taking damage. [potion of mutation]
 56696 | Lair:5   | Lost mutation: You are dopey. (Int -2) [potion of mutation]
 56696 | Lair:5   | Gained mutation: Your movements are slightly less
                  | encumbered by armour. (ER -2) [potion of mutation]
 56697 | Lair:5   | Lost mutation: You possess an exceptional clarity of mind.
                  | [potion of mutation]
 56697 | Lair:5   | Lost mutation: Your movements are slightly less encumbered
                  | by armour. (ER -2) [potion of mutation]
 56697 | Lair:5   | Lost mutation: You occasionally lose the ability to drink
                  | potions when taking damage. [potion of mutation]
 56697 | Lair:5   | Gained mutation: You are partially covered in iridescent
                  | scales. (AC +2) [potion of mutation]
 56697 | Lair:5   | Gained mutation: You have a somewhat thin skeletal
                  | structure. (Dex +2, Stealth+) [potion of mutation]
 56697 | Lair:5   | Gained mutation: Your flesh is cold resistant. (rC+)
                  | [potion of mutation]
 56974 | Depths:1 | Entered Level 1 of the Depths
 57479 | Depths:2 | Found Zeuq Zisch's Jewellery Shoppe.
 57641 | Depths:2 | Identified the +3 war axe "Uloging" {flame, rC+ Str-5 Dex+2
                  | Stlth+}
 57860 | Depths:4 | Entered Level 4 of the Depths
 57919 | Depths:4 | Found a one-way gateway to a ziggurat.
 57930 | Zig:1    | Entered Level 1 of a ziggurat
 57944 | Zig:1    | Identified the +0 plate armour "Komag" {+Inv rCorr Int-5
                  | Stlth+}
 57950 | Zig:2    | Entered Level 2 of a ziggurat
 57985 | Zig:3    | Entered Level 3 of a ziggurat
 57986 | Zig:3    | Noticed an ancient lich
 57993 | Zig:3    | Killed an ancient lich
 58047 | Zig:4    | Entered Level 4 of a ziggurat
 58084 | Zig:5    | Entered Level 5 of a ziggurat
 58205 | Zig:6    | Entered Level 6 of a ziggurat
 58230 | Zig:6    | Identified the staff of fire "Gojop" {*Slow rElec rF+
                  | Will+}
 58236 | Zig:7    | Entered Level 7 of a ziggurat
 58244 | Zig:7    | Paralysed by accursed screaming for 2 turns
 58249 | Zig:7    | Reached XP level 27. HP: 141/224 MP: 14/37
 58400 | Zig:8    | Entered Level 8 of a ziggurat
 58407 | Zig:8    | Found the +6 lightning scales {swift, rElec}
 58481 | Zig:8    | Got Loex's Collected Works on Malediction
 58497 | Zig:9    | Entered Level 9 of a ziggurat
 58580 | Zig:9    | Identified the +11 flail "Cut Asua" {flame, rElec rC+ Str+5
                  | Int+3}
 58587 | Zig:9    | Identified the staff of death "Wotix" {rPois rN+ Int+4
                  | Dex+4 Stlth-}
 58601 | Zig:10   | Entered Level 10 of a ziggurat
 58639 | Zig:10   | Reached skill level 10 in Evocations
 58767 | Zig:10   | Got the Handbook of the Sandy Wendigo
 58768 | Zig:10   | Identified the amulet of Tavot {RegenMP Dex+2}
 58794 | Zig:11   | Entered Level 11 of a ziggurat
 58806 | Zig:11   | Found the ring of the Hare {EV+10}
 58866 | Zig:11   | Identified the staff of poison "Odill" {Fragile rPois rF+
                  | Dex+2 Stlth+}
 58931 | Zig:11   | Identified the +5 quarterstaff of Leycrupn {venom, rF-
                  | rN+++ rCorr Int-3}
 58963 | Zig:12   | Entered Level 12 of a ziggurat
 59029 | Zig:12   | Identified the ring "Kaluopu" {+Blink rCorr Int+3}
 59040 | Zig:12   | Identified the staff of air "Gunliz" {rElec rCorr Dex+2}
 59054 | Zig:12   | Acquired 432 gold pieces
 59063 | Zig:13   | Entered Level 13 of a ziggurat
 59077 | Zig:13   | Noticed a shard shrike
 59080 | Zig:13   | Killed a shard shrike
 59095 | Zig:13   | Reached skill level 15 in Dodging
 59104 | Zig:13   | Found the +9 sword of Power {lifebolt}
 59130 | Zig:13   | Identified the staff of death "Kuv Erph" {*Corrode Fly
                  | rPois rN+ Stlth+}
 59177 | Zig:14   | Entered Level 14 of a ziggurat
 59193 | Zig:14   | Found the +7 lajatang of Order {silver, rMut}
 59258 | Zig:14   | Got the Quarto of Alluring Blasting
 59269 | Zig:14   | Identified the staff of fire "Dioryril" {rF+ rC+}
 59271 | Zig:14   | Identified the +3 battleaxe of the Evening {heavy, Will+
                  | rCorr Str-5}
 59339 | Zig:14   | Identified the +7 long sword of Ufeav {flame, Will- rCorr
                  | Int+2}
 59381 | Zig:15   | Entered Level 15 of a ziggurat
 59388 | Zig:15   | Noticed a dread lich
 59394 | Zig:15   | Killed a dread lich
 59424 | Zig:15   | Noticed an ancient lich
 59431 | Zig:15   | Reached skill level 21 in Armour
 59432 | Zig:15   | Noticed an ancient lich
 59433 | Zig:15   | Killed from afar by an ancient lich

Illustrated notes

Levels and vault maps discovered:
D:1:      dpeg_arrival_erosion, layout_loops_cross
D:2:      layout_loops_corners, minmay_misc_feat_enclosed, uniq_sigmund,
          uniq_natasha, uniq_crazy_yiuf_cottage
D:3:      layout_basic
D:4:      layout_loops_ring, mainiacjoe_overflow_surrounded_room,
          nicolae_alphabet_shops, uniq_menkaure
D:5:      layout_rooms, led_sif_pool, minmay_temple_entry_enclosed_plants,
          gup_sewer_entry_bubbles, dreamdust_wishing_well
D:6:      layout_rooms, serial_co_window_serial, co_window_paths_b,
          co_window_of_opportunity_a, co_window_corner_a, co_window_paths_b,
          co_window_cross_1, co_window_paths_a, co_window_corner_a,
          co_window_corner_a, co_window_paths_b, co_window_2corner,
          co_window_broadway_c, co_window_of_opportunity_b,
          co_window_broadway_b, co_window_broadway_b, glass_columns_c,
          glass_columns_b, glass_columns_a, glass_columns_b, uniq_grinder,
          uniq_maggie
D:7:      layout_loops_ring, uniq_prince_ribbit1
D:8:      layout_cave_pools, tgw_kikubaaqudgha, mainiacjoe_overflow_chevrons,
          david_lair_shrubbed, serial_undead, serial_undead_e, serial_undead_a,
          serial_undead_e, serial_undead_c, serial_undead_f,
          ebering_ghost_funeral_grove, serial_shops, nicolae_shop_crystal
D:9:      layout_irregular_city, hex_large, uniq_joseph
D:10:     layout_loops_ring, nzn_wu_jian_council_hall, zombieorc2_lemuel,
          gammafunk_ghost_abyssal_escape, enter_trove_5, bh_walls_and_bars,
          uniq_erica, uniq_harold
D:11:     layout_small_grid, minivault_14
D:12:     gammafunk_beogh_shrine, layout_rooms,
          portal_ice_cave_entry_ice_simulacra, vehumet_altar_wand_db,
          uniq_frances
D:13:     layout_loops_ring, grunt_vaults_entry_tiered, roderic_serpentine_path,
          uniq_urug, uniq_rupert
D:14:     layout_rooms, chequers_serial_rivers_small_a, uniq_roxanne
D:15:     grunt_enter_depths_snipers, layout_cave_pools
Temple:   hellmonk_temple_divided_pantheon
Lair:1:   layout_regular_city, st_stairs_11
Lair:2:   layout_regular_city, nicolae_swamp_entry_spooky, dummy_snake_entry,
          nzn_ghost_randoct
Lair:3:   layout_gridlike
Lair:4:   layout_gridlike, gammafunk_lair_bear_cave
Lair:5:   grunt_lair_end_beastmaster, layout_cave_pods,
          minmay_slime_entry_pillars, enter_volcano_1, grunt_megastairs_5
Swamp:1:  gammafunk_worm_tunnel, layout_basic_swamp,
          evilmike_swamp_ruin_rubble_1
Swamp:2:  layout_falls_marsh, ebering_ghost_disaster_area, hangedman_swamp_cone
Swamp:3:  layout_falls_marsh, evilmike_swamp_ruin_house_1, swamp_pool5,
          infiniplex_staircase_pool_2
Swamp:4:  swamp_fiery, layout_basic_swamp
Snake:1:  layout_onion, minmay_shoptagon, serial_bayou_shore_b, uniq_mlioglotl
Snake:2:  layout_basic, serial_shops, statue_bzr, nicolae_snake_gridmaze_tees
Snake:3:  layout_misc_corridors, special_room, lemuel_fruit_tree
Snake:4:  johnstein_snake_rune_scales, layout_layer_cave, minmay_shop_star,
          uniq_vashnia
Slime:1:  cheibrodos_slime_lost_civilization_9, layout_caves
Slime:2:  layout_caves, cheibrodos_slime_lost_civilization_7
Slime:3:  layout_caves
Slime:4:  layout_caves, nicolae_slime_crime_time
Slime:5
Orc:1:    layout_caves, uniq_nergalle, uniq_maurice
Orc:2:    grunt_orc_tribal_feast, layout_caves, gauntlet_entry_generic,
          nooodl_orcs_dogs, uniq_sonja
Elf:1:    nicolae_elf_arrival_dilemma, layout_loops_ring, basic_altar,
          serial_shops, bzr_firewalk, nicolae_shop_trees, minmay_elf_sorcery,
          patterned_corridor
Elf:2:    elven_hall_of_blades_hangedman_alternative [nicolae_blade_lattice],
          layout_loops_cross, special_room [special_room_orc], basic_altar
Elf:3:    minmay_elf_hall, layout_rooms, serial_shops,
          nicolae_shop_competitors_out_of_business, minmay_shop_grove
Vaults:1: ebering_ghost_disaster_area, nicolae_vaults_diagonal_hallway_8,
          vaults_dpeg_hooks, dpeg_vaults_monster_row, vaults_room_grid,
          hangedman_vaults_trim, vaults_room_pool, v_misc_9,
          layout_vaults_maze_snakey, uniq_asterion
Vaults:2: ontoclasm_vaults_spin, v_misc_5, v_misc_3, grunt_vaults_swirl,
          vaults_room_door_ring, nicolae_vaults_big_ls,
          nicolae_vaults_network_quinsquares
          [nicolae_vaults_network_quincunx_subvault,
          nicolae_vaults_network_quincunx_subvault,
          nicolae_vaults_network_quincunx_subvault,
          nicolae_vaults_network_quincunx_subvault],
          nicolae_vaults_circle_grid_a, nicolae_vaults_specimen_jars,
          ontoclasm_vaults_shuriken, ontoclasm_vaults_echo, vaults_dpeg_ring,
          vaults_dpeg_diagonal, layout_vaults_omnibox, serial_shops,
          nicolae_shop_bloodbath_and_beyond
Vaults:3: vaults_mumra_chevron, minmay_crypt_entry_necro_gods, v_misc_5,
          ontoclasm_vaults_eye, vaults_dpeg_encased_lava,
          nicolae_vaults_what_the_h, v_misc_15, nicolae_vaults_network_barrier,
          v_misc_26, nicolae_vaults_little_squares_6, layout_vaults_omnigrid,
          uniq_mara
Vaults:4: nicolae_vaults_network_periphery, nicolae_vaults_little_squares_2,
          vaults_mumra_bighexcomb, v_alt_pattern_6, v_misc_10,
          hangedman_vaults_corner, vaults_dpeg_doors,
          ontoclasm_vaults_misaligned, nicolae_vaults_little_squares_3,
          nicolae_vaults_little_squares_5, ontoclasm_vaults_ring_small,
          vaults_mumra_minichess, ontoclasm_vaults_chip, layout_vaults_ring,
          serial_shops, shop
Vaults:5
Crypt:1:  layout_basic, nicolae_crypt_cryptocurrency, grunt_megastairs_2
Crypt:2:  layout_regular_city, tombwall_bobbens
Crypt:3:  due_elkab, layout_chaotic_city, nicolae_tomb_entry_grand_gallery,
          basic_altar, not_door_vault_mu, corexii_hall_statues_i,
          grunt_ministairs_15, uniq_sojobo
Depths:1: layout_basic, abyss_entry_flame_altar, pf_dread_powers_of_hell,
          nicolae_ru_path_of_blood, serial_bayou_shore_a, serial_bayou_shore_b,
          nicolae_triple_integral
Depths:2: kennysheep_windowed_halls, layout_gridlike, serial_shops, shop,
          rand_demon_pan_entry_9, hell_entry, minmay_room_of_horrors,
          kennysheep_doodads, minmay_checkered_concentric_circles,
          roderic_lattice_octagonal_star
Depths:3: minmay_swirls_squares, layout_cave_pools, abyss_entry, serial_shops,
          kennysheep_little_box, hangedman_coc_ice_floe, hangedman_blasphemy
Depths:4: grunt_crosshair, layout_gridlike, enter_ziggurat_e,
          kiku_gazebo_pond_becter, grunt_pan_entry_sceptre, hell_entry
Zig:15

Skill      XL: |  1  2  3  4  5  6  7  8  9 10 11 12 13 14 15 16 17 18 19 20 21 22 23 24 25 26 27 |
---------------+----------------------------------------------------------------------------------+-----
Maces & Flails | 4 6 7 8 11 13 15 16 17 19 20 | 20.0
Shields        | 2 4 |  4.0
Fighting       | 4 5 8 10 14 15 16 18 20 | 20.0
Dodging        | 5 8 11 12 15 | 15.6
Invocations    | 2 6 12 14 15 19 20 | 20.0
Evocations     | 4 5 7 8 12 | 12.6
Armour         | 8 10 11 16 19 20 21 | 21.1
Throwing       | 9 10 13 15 16 18 20 | 20.0
Stealth        | |  2.0

Action                     |  1- 3 |  4- 6 |  7- 9 | 10-12 | 13-15 | 16-18 | 19-21 | 22-24 | 25-27 || total
---------------------------+-------+-------+-------+-------+-------+-------+-------+-------+-------++-------
  Melee: Mace              |   102 |       |       |       |       |       |       |       |       ||   102
         Punch             |     1 |     1 |       |       |       |       |       |       |       ||     2
         Whip              |       |    95 |   405 |       |       |       |       |       |       ||   500
         Quarterstaff      |       |     7 |       |       |       |       |       |       |       ||     7
         Trident           |       |       |    18 |    36 |       |       |       |       |       ||    54
         Flail             |       |       |       |   683 |       |       |       |       |       ||   683
         Great mace        |       |       |       |     9 |   750 |   838 |  1018 |  1184 |   789 ||  4588
  Throw: Dart              |     4 |     4 |    10 |     9 |       |       |       |       |       ||    27
         Throwing net      |       |       |       |     9 |     1 |       |       |       |       ||    10
         Boomerang         |       |       |       |     4 |     2 |    89 |    58 |    74 |    44 ||   271
         Javelin           |       |       |       |       |       |     3 |       |       |    11 ||    14
 Invoke: Divine Shield     |       |       |       |    15 |    26 |    31 |    22 |    10 |    24 ||   128
         Cleansing Flame   |       |       |       |     6 |    14 |    18 |    19 |    31 |    59 ||   147
         Summon Divine War |       |       |       |       |       |       |     1 |       |       ||     1
         Brand Weapon With |       |       |       |       |       |       |       |     1 |       ||     1
  Evoke: Wand              |       |       |     4 |    24 |    23 |    16 |     1 |     4 |     6 ||    78
         Lightning rod     |       |       |       |     6 |    10 |    19 |     7 |     6 |       ||    48
         Tin of tremorston |       |       |       |       |     1 |     8 |     5 |     3 |     2 ||    19
         Box of beasts     |       |       |       |       |       |     2 |     1 |       |     3 ||     6
         Condenser vane    |       |       |       |       |       |     1 |     2 |     1 |     4 ||     8
         Phantom mirror    |       |       |       |       |       |       |       |       |     1 ||     1
    Use: Potion            |     4 |     2 |     1 |     3 |     5 |     9 |     6 |     3 |     3 ||    36
         Scroll            |     3 |     4 |     5 |    21 |    14 |     8 |     7 |     8 |    11 ||    81
   Stab: Sleeping          |     2 |     4 |     7 |       |       |       |       |       |       ||    13
         Distracted        |       |       |     1 |       |       |       |       |       |       ||     1
 Armour: Leather armour    |    10 |       |       |       |       |       |       |       |       ||    10
         Robe              |     8 |    18 |    76 |       |       |       |       |       |       ||   102
         Skin              |       |     5 |       |       |    16 |       |       |       |       ||    21
         Swamp dragon scal |       |       |    15 |   255 |   187 |       |       |       |       ||   457
         Plate armour      |       |       |       |       |    25 |       |       |       |       ||    25
         Chain mail        |       |       |       |       |   134 |   169 |       |       |       ||   303
         Scale mail        |       |       |       |       |     1 |       |       |       |       ||     1
         Gold dragon scale |       |       |       |       |       |   158 |   484 |   672 |   891 ||  2205
  Dodge: Dodged            |    89 |    51 |   216 |   413 |   477 |   381 |   375 |   460 |   730 ||  3192
  Block: Buckler           |       |       |    81 |   237 |       |       |       |       |       ||   318
         Other             |       |       |       |       |   198 |   271 |   413 |   375 |   769 ||  2026
         Reflection        |       |       |       |       |       |     7 |    27 |    21 |    42 ||    97

Table legend: (Time is in decaauts)
 A = Elapsed time spent in this place.
 B = Non-inter-level travel time spent in this place.
 C = Inter-level travel time spent in this place.
 D = Time resting spent in this place.
 E = Time spent auto-exploring this place.
 F = Levels seen in this place.
 G = Mean time per level.
                   A        B        C        D        E       F      G
               +--------+--------+--------+--------+--------+-----+--------+
         Total |  58421 |  53478 |   4943 |  10939 |  27101 |  72 |  811.4 |
       Dungeon |  17386 |  15415 |   1971 |   2571 |   8664 |  15 | 1159.1 |
        Temple |     42 |     33 |      9 |      0 |      6 |   1 |   42.0 |
          Lair |   8057 |   7119 |    938 |   1744 |   3969 |   5 | 1611.4 |
         Swamp |   3691 |   3484 |    207 |    911 |   1797 |   4 |  922.8 |
     Snake Pit |   7393 |   6853 |    540 |   2470 |   2814 |   4 | 1848.2 |
    Slime Pits |    993 |    967 |     26 |    297 |      0 |   5 |  198.6 |
  Orcish Mines |   2239 |   1949 |    290 |    295 |   1146 |   2 | 1119.5 |
   Elven Halls |   3398 |   3123 |    275 |    383 |   1486 |   3 | 1132.7 |
        Vaults |   6781 |   6410 |    371 |    600 |   4159 |   5 | 1356.2 |
         Crypt |   3399 |   3110 |    289 |    119 |   2036 |   3 | 1133.0 |
        Depths |    969 |    947 |     22 |    212 |    315 |   4 |  242.2 |
         Abyss |    237 |    237 |      0 |      3 |     52 |   1 |  237.0 |
      Ziggurat |   1499 |   1499 |      0 |    495 |     91 |  15 |   99.9 |
        Bazaar |    251 |    251 |      0 |     49 |     76 |   2 |  125.5 |
      Ice Cave |   1345 |   1345 |      0 |    731 |    277 |   1 | 1345.0 |
       Volcano |    232 |    232 |      0 |      0 |      0 |   1 |  232.0 |
      Gauntlet |    502 |    502 |      0 |     56 |    212 |   1 |  502.0 |
               +--------+--------+--------+--------+--------+-----+--------+

Top non-repeatable levels by time:
  Lair:5: 2360 daAuts
    D:11: 2182 daAuts
 Snake:4: 2122 daAuts
 Snake:1: 1953 daAuts
     D:9: 1858 daAuts
    D:10: 1810 daAuts
   Orc:2: 1732 daAuts
Vaults:4: 1726 daAuts
  Lair:2: 1704 daAuts
 Crypt:3: 1690 daAuts
 Snake:3: 1660 daAuts
 Snake:2: 1657 daAuts
     D:7: 1459 daAuts
  Lair:1: 1441 daAuts
     D:2: 1419 daAuts
